 Dungeon Crawl Stone Soup version 0.22-a0-608-g8a62e23 (webtiles) character file.

87 kae the Chopper (level 4, -7/41 HPs)
             Began as a Hill Orc Fighter on July 9, 2018.
             Killed from afar by an orc wizard (9 damage)
             ... with a magic dart
             ... on level 3 of the Dungeon.
             The game lasted 00:01:49 (1681 turns).

kae the Chopper (Hill Orc Fighter)                  Turns: 1681, Time: 00:01:49

Health: -7/41      AC:  8    Str: 19    XL:     4   Next: 51%
Magic:  4/4        EV:  7    Int:  8    God:
Gold:   126        SH:  9    Dex: 10    Spells: 3/3 levels left

rFire    . . .     SeeInvis .   a - +0 war axe
rCold    . . .     Gourm    .   c - +0 shield
rNeg     . . .     Faith    .   b - +0 scale mail
rPois    .         Spirit   .   (no helmet)
rElec    .         Reflect  .   k - +0 cloak
rCorr    .         Harm     .   (no gloves)
MR       .....                  (no boots)
Stlth    +.........             (no amulet)
HPRegen  0.13/turn              g - ring of stealth
MPRegen  0.09/turn              (no ring)

@: no status effects
A: no striking features
a: no special abilities


You were on level 3 of the Dungeon.
You were hungry.

You visited 1 branch of the dungeon, and saw 3 of its levels.

You collected 126 gold pieces.

Inventory:

Hand Weapons
 a - a +0 war axe (weapon)
Armour
 b - a +0 scale mail (worn)
 c - a +0 shield (worn)
 k - a +0 cloak (worn)
Jewellery
 e - a cursed ring of resist corrosion {unknown}
 g - a ring of stealth (left hand)
Scrolls
 l - a scroll of identify
 n - a scroll of noise {unknown}
 p - a scroll of remove curse
Potions
 d - a potion of might
 h - 2 potions of ambrosia
 i - 2 potions of agility
 j - a potion of resistance {unknown}
 m - 2 potions of flight {unknown}
 o - a potion of berserk rage {unknown}
Comestibles
 f - 6 rations


   Skills:
 + Level 4.4 Fighting
 * Level 4.7 Axes
 + Level 4.0 Armour
 - Level 3.2 Shields


You had 3 spell levels left.
You didn't know any spells.
Your spell library was empty.

Dungeon Overview and Level Annotations

Branches:
Dungeon (3/15)

Altars:
Cheibriados
Nemelex Xobeh


Message History

You feel less confused.
The orc wizard hits you but does no damage.
Something completely misses you. You block the orc wizard's attack.
You closely miss the orc wizard. You miss something.
The orc wizard points at you and mumbles some strange words.
The magic dart hits you! You block something's attack.
The orc wizard gestures at you while chanting.
The magic dart hits you!
* * * LOW HITPOINT WARNING * * *
Something hits you but does no damage.
You miss something. You closely miss the orc wizard.
You block the orc wizard's attack. Something hits you but does no damage.
The orc wizard casts a spell at you. The magic dart hits you!
* * * LOW HITPOINT WARNING * * *
You closely miss something. You closely miss the orc wizard.
You block the orc wizard's attack. Something hits you but does no damage.
The orc wizard points at you and mumbles some strange words.
The magic dart hits you!
You die...

.###.#.†)†.##....###
..##...##.##..####.........
..##..##.....####..........
......##....## #...........
.....###....####...........
...###.........#......o..
............##.##......
...##..#....##.###...#
.#>... #....##.{@##)# #...#
#....####o##.# ..# ###..#
#o...# ##.. ##......# ##
#.####..# #.# .... ... ...
##.# #. ...


You could see an orc wizard and an orc.

Vanquished Creatures
  An adder (D:2)
  A worm (D:2)
  3 dart slugs (D:1)
  An orc (D:3)
  3 ball pythons
  5 giant cockroaches
  6 goblins
  10 hobgoblins
  9 jackals
  6 kobolds
  8 bats
  5 frilled lizards
  5 rats
63 creatures vanquished.

Notes
Turn   | Place    | Note
-------+----------+-------------------------------------------
     0 | D:1      | kae the Hill Orc Fighter began the quest for the Orb.
     0 | D:1      | Reached XP level 1. HP: 19/19 MP: 1/1
    84 | D:1      | Reached XP level 2. HP: 23/27 MP: 2/2
   181 | D:1      | Reached XP level 3. HP: 30/33 MP: 3/3
   816 | D:2      | Found a sparkling altar of Nemelex Xobeh.
   983 | D:2      | Reached XP level 4. HP: 35/40 MP: 4/4
  1394 | D:2      | Found a snail-covered altar of Cheibriados.
  1680 | D:3      | HP: 2/41 [orc wizard/magic dart (4)]
  1681 | D:3      | Killed from afar by an orc wizard

Vault maps used:
D:1:      dpeg_arrival_chase, feat_on_display
D:2:      nemelex_xobeh_ov_fountains_minmay, cheibriados_altar_1, first_ration,
          minmay_tromino_v4_c
D:3:      kennysheep_generic_room_16

Skill      XL: |  1  2  3  4 |
---------------+-------------+-----
Axes           | 3 4 |  4.7
Fighting       | 4 |  4.4
Armour         | 4 |  4.0
Shields        | |  3.2

Action                   |  1- 3 |  4- 6 || total
-------------------------+-------+-------++-------
Melee: War axe           |   132 |    80 ||   212
  Use: Scroll            |     4 |       ||     4
  Eat: Chunk             |       |     2 ||     2
Armor: Scale mail        |    57 |    44 ||   101
Dodge: Dodged            |    34 |    31 ||    65
Block: Shield            |    53 |    44 ||    97

Table legend:
 A = Spawn XP
 B = Non-spawn XP
 C = Spawn XP percentage of total XP
 D = Spawn monster count
 E = Non-spawn monster count
 F = Spawn count percentage of total count
 G = Total turns spent on level
                    A         B        C        D         E        F      G
               +---------+---------+-------+---------+---------+-------+---------
         Total |       0 |     125 |   0.0 |       0 |      63 |   0.0 |  1681
               +---------+---------+-------+---------+---------+-------+---------
           D:1 |       0 |      57 |   0.0 |       0 |      30 |   0.0 |   805
           D:2 |       0 |      49 |   0.0 |       0 |      24 |   0.0 |   773
           D:3 |       0 |      19 |   0.0 |       0 |       9 |   0.0 |   103
               +---------+---------+-------+---------+---------+-------+---------
